[Event "*** Titled Tuesday Blitz"]
[Site "Chess.com"]
[Date "2020.11.10"]
[Round "4"]
[White "Tashik"]
[Black "DinaBelenkaya"]
[Result "1-0"]
[WhiteElo "2473"]
[BlackElo "2327"]
[TimeControl "180+1"]
[EndTime "10:45:31 PST"]
[Termination "Tashik won on time"]

1. d4 d5 2. c4 dxc4 3. e3 Nf6 4. Bxc4 a6 5. Nf3 e6 6. O-O c5 7. Bd3 b5 8. a4 b4 9. Nbd2 Bb7 10. Nc4 Nbd7 11. a5 Be7 12. Re1 O-O 13.
e4 cxd4 14. e5 Nd5 15. Qe2 Nc5 16. h4 Nxd3 17. Qxd3 Bxh4 18. Nd6 Bc6 19. Nxd4 Qd7 20. Qh3 Be7 21. Qg3 Bxd6 22. exd6 Kh8 23. Bf4 Nxf4 24. Qxf4 Bd5 25. Rac1 Rad8 26. Qh4 Qxd6 27. Re3 h6 28. Rg3 Qe5 29. Nc6 Bxc6 30. Rxc6 Rd1+ 31. Kh2 Rd4 32. Qe7 Qh5+ 33. Rh3 Qe5+ 34. Rg3 Kg8 35. Rxa6 Rh4+ 36.
Qxh4 Qe1 37. Qg4 Qe5 38. Qf3 Qxb2 39. Rb6 Qd4 40. Qg4 Qe5 41. Qxb4 Kh7 42. Rb5 Qf6 43. Qb1+ g6 44. Qb2 Qh4+ 45. Rh3 Qe4 46. Qd2 h5 47. f3 Qc6 48. Qb2 Qd6+ 49. Kg1 Qd1+ 50. Kh2 Rd8 51. f4 Qf1 52. Rf3 Qe1 53. Qb1 Qe2 54. Qf1 Qa2 55. Rb1 Rd2 56. Rg3 Qxa5 57. Kh1 Qf5 58. Rh3 Qe4 59. Rd1 Re2 60. Rg3 Kg7 61. Rf3 Kh7 62. Qg1 Kg7 63. Qd4+ Qxd4 64. Rxd4 Re1+ 65. Kh2 Kf6 66.
Kg3 Rh1 67. Kf2 Kf5 68. Rd2 h4 69. Re2 Kg4 70. Rh3 Rb1 71. Rf3 Rc1 72. Re5 Rc2+ 73.
Kg1 Rc1+ 74. Kh2 f6 75. Rxe6 Kf5 76. Re8 Rd1 77. Rb8 Re1 78. Rbb3 Kg4 79. Rb5 Rd1 80. Rbb3 Rd6 81. Rbe3 Rc6 82. Rd3 Rb6 83. Rd4 Rc6 84. f5+ Kg5 85. fxg6 Kxg6 86. Rff4 Rc2 87. Rxh4 Rc1 88.
Rhg4+ Kf5 89. Rg3 Rb1 90. Rdg4 Ra1 91. Rg8 Rb1 92. Rf3+ Ke6 93. Re8+ Kf7 94. Re4 Kg6 95. Ref4 f5 96. Rxf5 Rb6 97. R5f4 Kg5 98. g4 Kg6 99.
Kg3 Rb2 100. Rf5 Re2 101. g5 Kg7 102. Rf6 Re1 103. Rc6 Rg1+ 104. Kf4 Rd1 105. Rg3 Rd4+ 106. Kf5 Rd5+ 107. Ke4 Rd1 108. Rc7+ Kg6 109. Rc6+ Kg7 110. g6 Re1+ 111. Kf3 Rf1+ 112. Kg2 Rf5 113. Rc7+ Kg8 114. g7 1-0

[Event "*** Titled Tuesday Blitz"]
[Site "Chess.com"]
[Date "2020.11.10"]
[Round "5"]
[White "Buryshin_Vasyl"]
[Black "AlexandraBotez"]
[Result "0-1"]
[WhiteElo "2243"]
[BlackElo "2102"]
[TimeControl "180+1"]
[EndTime "10:53:34 PST"]
[Termination "AlexandraBotez won by resignation"]

1. b3 Nf6 2. Bb2 d6 3. e3 c5 4.
f4 Nc6 5. Nf3 g6 6. Bb5 Bg7 7.
O-O O-O 8. Bxc6 bxc6 9. d3 d5 10.
Nbd2 a5 11. Qe1 a4 12. Qg3 Nh5 13. Qh3 Bxh3 0-1

[Event "*** Titled Tuesday Blitz"]
[Site "Chess.com"]
[Date "2020.11.10"]
[Round "5"]
[White "Chesstrainer1"]
[Black "elcandado"]
[Result "0-1"]
[WhiteElo "2421"]
[BlackElo "2604"]
[TimeControl "180+1"]
[EndTime "10:54:19 PST"]
[Termination "elcandado won by resignation"]

1. Nf3 Nf6 2. c4 e6 3. d4 d5 4. g3 Be7 5. Bg2 O-O 6. Nc3 dxc4 7. Ne5 Nc6 8. Bxc6 bxc6 9. Nxc6 Qe8 10. Nxe7+ Qxe7 11. Qa4 c5 12. Qa3 Qb7 13. O-O cxd4 14. Nb5 Qxb5 0-1

[Event "*** Titled Tuesday Blitz"]
[Site "Chess.com"]
[Date "2020.11.10"]
[Round "5"]
[White "riddhi_07"]
[Black "PetrolulSah"]
[Result "0-1"]
[WhiteElo "1747"]
[BlackElo "2214"]
[TimeControl "180+1"]
[EndTime "10:54:23 PST"]
[Termination "PetrolulSah won by resignation"]

1. e4 e5 2. Nf3 Nf6 3. Nc3 Bb4 4.
Bc4 O-O 5. O-O d6 6. Re1 Bg4 7. d3 Nc6 8. h3 Bh5 9. g4 Nxg4 10. hxg4 Bxg4 11. Bg5 Bxf3 12. Qxf3 Qxg5+ 13. Kf1 Nd4 14. Qh3 Ne6 15. Ke2 Nf4+ 0-1

[Event "*** Titled Tuesday Blitz"]
[Site "Chess.com"]
[Date "2020.11.10"]
[Round "5"]
[White "dropstoneDP"]
[Black "Zkid"]
[Result "1-0"]
[WhiteElo "2923"]
[BlackElo "2771"]
[TimeControl "180+1"]
[EndTime "10:54:45 PST"]
[Termination "dropstoneDP won by resignation"]

1. g3 d5 2. Nf3 c6 3. Bg2 Bg4 4. O-O Nd7 5. c4 e6 6. cxd5 cxd5 7. h3 Bxf3 8. Bxf3 Ngf6 9. d3 Bd6 10. Nc3 O-O 11.
e4 dxe4 12. dxe4 Bc5 13. Bf4 e5 14. Bd2 Nb8 15. Nd5 Nc6 16. Rc1 Be7 17. Be3 Re8 18. Kg2 Nd7 19. Bg4 Nf8 20. Qb3 Rb8 21. Rfd1 Qa5 22. Rxc6 bxc6 23. Nxe7+ Kh8 24. Qxf7 1-0

[Event "*** Titled Tuesday Blitz"]
[Site "Chess.com"]
[Date "2020.11.10"]
[Round "5"]
[White "Vamostodorecto"]
[Black "jacky72"]
[Result "1-0"]
[WhiteElo "2375"]
[BlackElo "2523"]
[TimeControl "180+1"]
[EndTime "10:54:59 PST"]
[Termination "Vamostodorecto won by checkmate"]

1. d4 Nf6 2. c4 g6 3. Nc3 Bg7 4. e4 O-O 5. Be2 d6 6. Nf3 Na6 7. O-O e5 8. Be3 c6 9. h3 Re8 10. d5 c5 11. Qd2 Rf8 12. Bh6 Bxh6 13. Qxh6 Qe7 14. Ng5 Kh8 15. f4 Ng4 16. Qxh7# 1-0

[Event "*** Titled Tuesday Blitz"]
[Site "Chess.com"]
[Date "2020.11.10"]
[Round "5"]
[White "wanyaland"]
[Black "vladgoncharov"]
[Result "0-1"]
[WhiteElo "2253"]
[BlackElo "2466"]
[TimeControl "180+1"]
[EndTime "10:55:19 PST"]
[Termination "vladgoncharov won by resignation"]

1. d4 Nf6 2. c4 e6 3. Nc3 c5 4. Qc2 cxd4 5. Nd1 Nc6 6. g3 d5 7. Bg2 Bb4+ 8. Kf1 O-O 9. Nf3 e5 10. cxd5 Qxd5 11. Bg5 Qd6 12. Nd2 Bxd2 13. Bxd2 Be6 14.
Rc1 Rac8 15. Qb1 Bd5 16. e4 dxe3 17. Bxe3 Bxg2+ 18. Kxg2 Qd5+ 19. f3 e4 20. f4 Ng4 21.
Re1 Nxe3+ 22. Nxe3 Qd2+ 23. Re2 Qxe2+ 0-1

[Event "*** Titled Tuesday Blitz"]
[Site "Chess.com"]
[Date "2020.11.10"]
[Round "5"]
[White "capatl"]
[Black "Promacherr"]
[Result "0-1"]
[WhiteElo "2505"]
[BlackElo "2715"]
[TimeControl "180+1"]
[EndTime "10:55:20 PST"]
[Termination "Promacherr won by resignation"]

1. c4 e6 2. g3 d5 3. cxd5 exd5 4. Bg2 c5 5. d4 Nc6 6. Nf3 Nf6 7. O-O cxd4 8. Nxd4 Bc5 9. Nb3 Bb6 10. Nc3 d4 11. Ne4 Nxe4 12. Bxe4 O-O 13. Bg2 Re8 14.
Bf4 Qf6 15. Rc1 Bg4 16. Re1 g5 17. Rxc6 bxc6 18. Bc1 d3 19. Qd2 Bxf2+ 20. Kh1 Bxe1 21. Qxe1 Rxe2 22. Qd1 Rxg2 0-1

[Event "*** Titled Tuesday Blitz"]
[Site "Chess.com"]
[Date "2020.11.10"]
[Round "5"]
[White "Savva09022009"]
[Black "MatyChess1"]
[Result "1-0"]
[WhiteElo "2416"]
[BlackElo "2560"]
[TimeControl "180+1"]
[EndTime "10:55:24 PST"]
[Termination "Savva09022009 won by resignation"]

1. d4 Nf6 2. Nc3 d5 3. Bf4 a6 4. e3 b5 5. Nf3 Bb7 6. Bd3 e6 7.
O-O c5 8. dxc5 Bxc5 9. a3 O-O 10. Qe2 Ne4 11. Bxe4 dxe4 12. Nd2 f5 13. Nb3 Be7 14. Nd4 Qb6 15. a4 Rf6 16. Bg5 Rf7 17. Bxe7 Rxe7 18. axb5 g6 19. Na4 Qc7 20. b6 Qc8 21. c4 Nd7 22. c5 1-0

[Event "*** Titled Tuesday Blitz"]
[Site "Chess.com"]
[Date "2020.11.10"]
[Round "5"]
[White "Iskusnyh"]
[Black "kasparicy"]
[Result "1-0"]
[WhiteElo "2560"]
[BlackElo "2378"]
[TimeControl "180+1"]
[EndTime "10:55:27 PST"]
[Termination "Iskusnyh won by resignation"]

1. d4 f5 2. c4 e6 3. g3 Nf6 4.
Bg2 d6 5. Nf3 Be7 6. b4 O-O 7. Bb2 a5 8. b5 Qe8 9. O-O Nbd7 10.
Nbd2 Ne4 11. e3 Bf6 12. Qc2 Nxd2 13. Nxd2 Qh5 14. c5 e5 15. cxd6 cxd6 16. Nc4 f4 17. exf4 exf4 18. Nxd6 f3 19. Qb3+ Kh8 20. Bxf3 Qh6 21.
Nf7+ Rxf7 22. Qxf7 1-0

[Event "*** Titled Tuesday Blitz"]
[Site "Chess.com"]
[Date "2020.11.10"]
[Round "5"]
[White "eightbyeightchess"]
[Black "Shushik"]
[Result "1-0"]
[WhiteElo "2413"]
[BlackElo "2232"]
[TimeControl "180+1"]
[EndTime "10:55:33 PST"]
[Termination "eightbyeightchess won by checkmate"]

1. e4 e5 2. Nf3 Nc6 3. d4 exd4 4. c3 dxc3 5. Nxc3 d6 6. Bc4 Be7 7. Qb3 Na5 8. Bxf7+ Kf8 9. Qa4 Kxf7 10. Qxa5 Nf6 11. Ng5+ Kf8 12. O-O h6 13. Nf3 Kg8 14. Qa4 Kh7 15. e5 dxe5 16. Qc2+ g6 17. Nxe5 Bf5 18. Qb3 Qd4 19. Qf7# 1-0

[Event "*** Titled Tuesday Blitz"]
[Site "Chess.com"]
[Date "2020.11.10"]
[Round "5"]
[White "DinaBelenkaya"]
[Black "MoreChessJulia"]
[Result "0-1"]
[WhiteElo "2314"]
[BlackElo "2099"]
[TimeControl "180+1"]
[EndTime "10:55:38 PST"]
[Termination "MoreChessJulia won by checkmate"]

1. e4 c5 2. Nc3 Nc6 3. g3 e6 4. Bg2 Nf6 5. Nf3 Be7 6. d3 d5 7.
O-O d4 8. Ne2 e5 9. Nh4 g6 10.
f4 Bg4 11. Nf3 Bxf3 12. Bxf3 Qd7 13. f5 h6 14. a3 g5 15. c3 O-O-O 16. b4 dxc3 17.
Nxc3 Qxd3 18. Qb3 cxb4 19. Qxf7 bxc3 20. Qe6+ Kb8 21. Bg2 Bc5+ 22. Kh1 Nxe4 23. h3 Nxg3+ 24. Kh2 Nxf1+ 25. Bxf1 Qxf1 26. Rb1 Qg1# 0-1

[Event "*** Titled Tuesday Blitz"]
[Site "Chess.com"]
[Date "2020.11.10"]
[Round "5"]
[White "GMKrikor"]
[Black "rududuyk"]
[Result "1-0"]
[WhiteElo "2781"]
[BlackElo "2175"]
[TimeControl "180+1"]
[EndTime "10:55:40 PST"]
[Termination "GMKrikor won by resignation"]

1. e4 e6 2. d4 d5 3. Nc3 Bb4 4. e5 c5 5. a3 Bxc3+ 6. bxc3 Ne7 7. Qg4 cxd4 8. Bd3 Qa5 9. Ne2 g6 10. O-O dxc3 11. Bg5 Nbc6 12. Bf6 Rg8 13. Qg5 h5 14. Rab1 b6 15. Rb5 Qxa3 16. Rb3 Qa4 17. Bb5 Qg4 18.
Bxe7 Qxg5 19. Bxg5 Bd7 20. Bxc6 Bxc6 21. Nd4 1-0

[Event "*** Titled Tuesday Blitz"]
[Site "Chess.com"]
[Date "2020.11.10"]
[Round "5"]
[White "zivicd"]
[Black "JiiHart"]
[Result "1-0"]
[WhiteElo "2237"]
[BlackElo "2064"]
[TimeControl "180+1"]
[EndTime "10:55:42 PST"]
[Termination "zivicd won by resignation"]

1. e4 c5 2. Nc3 Nc6 3. g3 g6 4. Bg2 Bg7 5. d3 e6 6. Be3 d6 7. f4 Nge7 8. Nf3 f5 9. O-O O-O 10. Qd2 Bd7 11. Rad1 Rb8 12. d4 fxe4 13. Nxe4 cxd4 14.
Nxd4 Nf5 15. Nxf5 exf5 16. Nxd6 Bxb2 17. Nc4 1-0

[Event "*** Titled Tuesday Blitz"]
[Site "Chess.com"]
[Date "2020.11.10"]
[Round "5"]
[White "mikheeva86"]
[Black "Kristina_Kim"]
[Result "0-1"]
[WhiteElo "1991"]
[BlackElo "2183"]
[TimeControl "180+1"]
[EndTime "10:55:48 PST"]
[Termination "Kristina_Kim won by resignation"]

1. e4 c5 2. Nc3 Nc6 3. g3 g6 4. Bg2 Bg7 5. d3 e6 6. Be3 Nd4 7. Qd2 Rb8 8. Nd1 d6 9. c3 Nc6 10. f4 Nge7 11. Nf3 O-O 12. O-O b6 13. g4 f5 14. h3 d5 15. Nf2 d4 16. cxd4 cxd4 17.
Nxd4 Nxd4 18. e5 Bb7 19. Qc3 Ne2+ 0-1

[Event "*** Titled Tuesday Blitz"]
[Site "Chess.com"]
[Date "2020.11.10"]
[Round "5"]
[White "Stormeman100100"]
[Black "TorFredrikKaasen"]
[Result "0-1"]
[WhiteElo "2549"]
[BlackElo "2730"]
[TimeControl "180+1"]
[EndTime "10:55:51 PST"]
[Termination "TorFredrikKaasen won by resignation"]

1. d4 Nf6 2. c4 g6 3. Nf3 Bg7 4. Nc3 O-O 5. e4 d6 6. Be2 e5 7. Be3 exd4 8. Nxd4 Re8 9. f3 c6 10. Qd2 d5 11. exd5 cxd5 12. c5 Nbd7 13. Ndb5 Qe7 14.
Nc7 Qxe3 15. Qxe3 Rxe3 16. Nxa8 d4 17. Nd1 Re7 18. Kf2 Nxc5 19. Rc1 d3 20. Bf1 Nd5 21. Ne3 Bd4 0-1

[Event "*** Titled Tuesday Blitz"]
[Site "Chess.com"]
[Date "2020.11.10"]
[Round "5"]
[White "MaxLeto"]
[Black "fm_magua"]
[Result "1-0"]
[WhiteElo "2427"]
[BlackElo "2572"]
[TimeControl "180+1"]
[EndTime "10:55:56 PST"]
[Termination "MaxLeto won by resignation"]

1. g4 c6 2. Bg2 d6 3. g5 e5 4. h4 h6 5. d4 hxg5 6. Bxg5 Be7 7. Qd2 Bxg5 8. hxg5 Rxh1 9. Bxh1 exd4 10. Nf3 c5 11.
c3 dxc3 12. Nxc3 Nc6 13. O-O-O Be6 14. Kb1 Nge7 15. Qxd6 Qxd6 16. Rxd6 Nf5 17. Rd2 Rd8 18. Ne4 Rxd2 19. Nfxd2 Ncd4 20. e3 Nb5 21. Nxc5 b6 22.
Nxe6 fxe6 23. Bc6+ 1-0

[Event "*** Titled Tuesday Blitz"]
[Site "Chess.com"]
[Date "2020.11.10"]
[Round "5"]
[White "Semen_Khanin"]
[Black "sara_khm"]
[Result "1-0"]
[WhiteElo "2786"]
[BlackElo "2586"]
[TimeControl "180+1"]
[EndTime "10:55:59 PST"]
[Termination "Semen_Khanin won by resignation"]

1. c4 Nf6 2. Nc3 e6 3. e4 d5 4. cxd5 exd5 5. e5 Ne4 6. Nf3 Nc6 7. h3 Bc5 8. d4 Bb4 9. Qb3 a5 10. Bd3 a4 11. Qc2 f5 12. O-O O-O 13. Nxd5 Kh8 14.
Bc4 Be6 15. Nf4 Bxc4 16. Qxc4 Qd7 17. d5 1-0

[Event "*** Titled Tuesday Blitz"]
[Site "Chess.com"]
[Date "2020.11.10"]
[Round "5"]
[White "ailime26"]
[Black "Nuvas"]
[Result "0-1"]
[WhiteElo "1974"]
[BlackElo "2339"]
[TimeControl "180+1"]
[EndTime "10:55:59 PST"]
[Termination "Nuvas won by resignation"]

1. e4 c5 2. Nf3 d6 3. d4 cxd4 4. Nxd4 Nf6 5. Nc3 a6 6. Be3 e5 7. Nb3 Be6 8. f3 h5 9. Qd2 Nbd7 10. O-O-O Rc8 11. Nd5 Bxd5 12. exd5 Nb6 13. Bxb6 Qxb6 14. f4 g6 15. fxe5 Bh6 16. exf6 Bxd2+ 17. Rxd2 O-O 18.
g4 hxg4 19. h4 Rfe8 20. Bd3 Re3 21. h5 Rh3 22. Rxh3 gxh3 23. hxg6 Qg1+ 24. Rd1 h2 25.
gxf7+ Kxf7 0-1

[Event "*** Titled Tuesday Blitz"]
[Site "Chess.com"]
[Date "2020.11.10"]
[Round "5"]
[White "Piotrek1979"]
[Black "NotFischer"]
[Result "1-0"]
[WhiteElo "2456"]
[BlackElo "2252"]
[TimeControl "180+1"]
[EndTime "10:56:02 PST"]
[Termination "Piotrek1979 won by resignation"]

1. Nf3 Nf6 2. g3 d5 3. Bg2 e6 4. O-O Be7 5. c4 c6 6. b3 O-O 7.
Bb2 Nbd7 8. Qc2 b6 9. d3 Bb7 10. Nbd2 Rc8 11. e3 Qc7 12. Rac1 Rfd8 13. a3 c5 14. Qb1 Qb8 15. Qa1 Qa8 16. Rfd1 Bf8 17.
Ne1 dxc4 18. bxc4 Bxg2 19. Nxg2 Qc6 20. a4 Be7 21. h3 Nf8 22. Rc3 N6d7 23. Ra3 Bf6 24.
Ne4 Bxb2 25. Qxb2 Ne5 26. Qxe5 Ng6 27. Qa1 1-0

[Event "*** Titled Tuesday Blitz"]
[Site "Chess.com"]
[Date "2020.11.10"]
[Round "5"]
[White "temus_galaktionov"]
[Black "SaqoChess_Twitch"]
[Result "0-1"]
[WhiteElo "2615"]
[BlackElo "2436"]
[TimeControl "180+1"]
[EndTime "10:56:04 PST"]
[Termination "SaqoChess_Twitch won by resignation"]

1. d4 d5 2. Nf3 Nf6 3. c4 e6 4. Nc3 Be7 5. Bf4 c5 6. e3 cxd4 7. Nxd4 Nc6 8. cxd5 Nxd5 9. Nxd5 Qxd5 10. Nxc6 Qxc6 11.
a3 O-O 12. Be2 Qxg2 13. Bf3 Qg6 14. Ke2 Rd8 15. Qb3 e5 16. Rhg1 Qa6+ 17. Ke1 exf4 18. Bd5 Qa5+ 19. Ke2 Qxd5 20. Qc3 f3+ 21. Kf1 Qd1+ 0-1

[Event "*** Titled Tuesday Blitz"]
[Site "Chess.com"]
[Date "2020.11.10"]
[Round "5"]
[White "BegmuratovKh2010"]
[Black "tdf98pantani"]
[Result "0-1"]
[WhiteElo "2442"]
[BlackElo "2719"]
[TimeControl "180+1"]
[EndTime "10:56:05 PST"]
[Termination "tdf98pantani won by resignation"]

1. d4 Nf6 2. c4 g6 3. Nc3 Bg7 4. g3 O-O 5. Bg2 d6 6. Nf3 Nbd7 7. O-O e5 8. dxe5 dxe5 9. Bg5 c6 10. h3 h6 11. Be3 Qe7 12. Nd2 Nc5 13. b4 Ne6 14. c5 Rd8 15. Qc1 Nd4 16. Nc4 Nd5 17. Re1 Nxb4 18.
Bxh6 Nbc2 19. Bxg7 Kxg7 20. Nd6 Nxe1 21. Qxe1 Nc2 22.
Qc1 Nxa1 23. Qxa1 Rxd6 24. cxd6 Qxd6 25. Ne4 Qd4 0-1

[Event "*** Titled Tuesday Blitz"]
[Site "Chess.com"]
[Date "2020.11.10"]
[Round "5"]
[White "Paralinch"]
[Black "KononenkoD"]
[Result "1-0"]
[WhiteElo "2828"]
[BlackElo "2599"]
[TimeControl "180+1"]
[EndTime "10:56:14 PST"]
[Termination "Paralinch won by resignation"]

1. e4 c6 2. d4 d5 3. Nd2 dxe4 4. Nxe4 Bf5 5. Ng3 Bg6 6. h4 h6 7. Nf3 Nd7 8. h5 Bh7 9. Bd3 Bxd3 10. Qxd3 e6 11. Bd2 Ngf6 12. O-O-O Be7 13. Kb1 c5 14. Ne4 cxd4 15. Nxd4 O-O 16. Nxf6+ Bxf6 17. Nb5 Nc5 18. Qxd8 Rfxd8 19. Be3 Na4 20. c3 a6 21. Nd6 Be5 22.
Nxb7 Rd5 23. Rxd5 exd5 24. Rh4 Rb8 25. Rxa4 Rxb7 26. Rxa6 Bxc3 27. Rb6 Rxb6 28. Bxb6 Be5 29. a4 Kf8 30. a5 Ke7 31. a6 Bb8 32. a7 Bxa7 33.
Bxa7 1-0

[Event "*** Titled Tuesday Blitz"]
[Site "Chess.com"]
[Date "2020.11.10"]
[Round "5"]
[White "Leo_C"]
[Black "Quiet_Desperation"]
[Result "1-0"]
[WhiteElo "2300"]
[BlackElo "1730"]
[TimeControl "180+1"]
[EndTime "10:56:16 PST"]
[Termination "Leo_C won by resignation"]

1. d4 d5 2. c4 c6 3. Nc3 e5 4. cxd5 cxd5 5. dxe5 d4 6. Ne4 Nc6 7.
Nf3 Bf5 8. Ng3 Bg6 9. a3 Qd7 10. e3 d3 11. e4 O-O-O 12. Be3 h5 13. h4 Nh6 14. Qa4 Ng4 15. Rd1 Nxe3 16. fxe3 Qg4 17. Kf2 Bc5 18. Rxd3 Rxd3 19. Bxd3 Bxe3+ 20. Kxe3 Qxg3 21.
Rc1 Kb8 22. Rxc6 bxc6 23. Qxc6 Qxg2 24. Qd6+ Ka8 25. Bc4 1-0

[Event "*** Titled Tuesday Blitz"]
[Site "Chess.com"]
[Date "2020.11.10"]
[Round "5"]
[White "Matveev_Vladimir"]
[Black "juli2512"]
[Result "1-0"]
[WhiteElo "2677"]
[BlackElo "2103"]
[TimeControl "180+1"]
[EndTime "10:56:20 PST"]
[Termination "Matveev_Vladimir won by resignation"]

1. d4 f5 2. g3 Nf6 3. Bg2 g6 4. Nh3 Bg7 5. c3 O-O 6. Nf4 e6 7. h4 Qe7 8. h5 g5 9. h6 Bh8 10. Nh5 Nxh5 11. Rxh5 Bf6 12. Nd2 Kh8 13. e4 d6 14. Qe2 Nc6 15. e5 dxe5 16. Bxc6 bxc6 17. dxe5 Rg8 18. exf6 Qxf6 19. Nf3 g4 20. Qe5 Qxe5+ 21. Nxe5 Rf8 22. Be3 Ba6 23. Bd4 1-0

[Event "*** Titled Tuesday Blitz"]
[Site "Chess.com"]
[Date "2020.11.10"]
[Round "5"]
[White "grunbergmihai"]
[Black "salomez"]
[Result "1-0"]
[WhiteElo "2471"]
[BlackElo "2171"]
[TimeControl "180+1"]
[EndTime "10:56:24 PST"]
[Termination "grunbergmihai won by resignation"]

1. Nf3 Nf6 2. d4 g6 3. c4 Bg7 4. Nc3 d5 5. e3 O-O 6. Qb3 c6 7.
Ne5 Ne8 8. cxd5 cxd5 9. Qxd5 Nd6 10.
Be2 Be6 11. Qf3 Nd7 12. Nxd7 Qxd7 13. O-O Bc4 14. Bxc4 Nxc4 15. b3 Nd6 16. Ba3 Rac8 17. Rac1 b5 18. Bxd6 exd6 19. Nd5 Rfe8 20. h4 h5 21. g3 Qe6 22. Nc7 1-0

[Event "*** Titled Tuesday Blitz"]
[Site "Chess.com"]
[Date "2020.11.10"]
[Round "5"]
[White "Gerodot71"]
[Black "northridgehawk"]
[Result "0-1"]
[WhiteElo "2476"]
[BlackElo "2279"]
[TimeControl "180+1"]
[EndTime "10:56:30 PST"]
[Termination "northridgehawk won by resignation"]

1. d4 Nf6 2. c4 g6 3. Nc3 d5 4. cxd5 Nxd5 5. e4 Nxc3 6. bxc3 Bg7 7. Nf3 c5 8. Bb5+ Nd7 9. O-O O-O 10. Be3 a6 11. Bd3 b5 12. Qe2 Bb7 13. Rad1 Qa5 14. Rc1 Rfd8 15. Rfd1 Rac8 16. h4 Nb6 17. h5 Na4 18. Bd2 Nb2 19. Re1 Nxd3 20. Qxd3 Qxa2 21. d5 Qa5 22. c4 b4 23. e5 Qb6 24. e6 fxe6 25.
Rxe6 Qxe6 0-1

[Event "*** Titled Tuesday Blitz"]
[Site "Chess.com"]
[Date "2020.11.10"]
[Round "5"]
[White "AliKa2810"]
[Black "Lady_Nika"]
[Result "1-0"]
[WhiteElo "2564"]
[BlackElo "2380"]
[TimeControl "180+1"]
[EndTime "10:56:31 PST"]
[Termination "AliKa2810 won by resignation"]

1. d4 d5 2. c4 e6 3. Nc3 f5 4. Nf3 Nf6 5. Bf4 c6 6. e3 Bd6 7. Be2 O-O 8. h3 Qe7 9. Qc2 Ne4 10. O-O Nd7 11. c5 Bb8 12. b4 e5 13. Bh2 Nxc3 14. Qxc3 e4 15. Bxb8 exf3 16. Bd6 Qg5 17. Bxf3 Rf6 18.
Be7 Nf8 19. b5 Bd7 20. bxc6 bxc6 21. Rab1 Re8 22. Bxf6 Qxf6 23. Rb7 f4 24. Rxa7 Qg5 25. exf4 Qxf4 26. Re1 Rxe1+ 27. Qxe1 Qxd4 28. Qe7 Be6 29. Ra8 Qa1+ 30. Kh2 Qe5+ 31. g3 Qf6 32. Rxf8+ Qxf8 33. Qxe6+ Kh8 34. Kg2 h6 35. Qxc6 d4 36. Qd6 1-0

[Event "*** Titled Tuesday Blitz"]
[Site "Chess.com"]
[Date "2020.11.10"]
[Round "5"]
[White "GukeshDommaraju"]
[Black "ChessWarrior7197"]
[Result "0-1"]
[WhiteElo "2863"]
[BlackElo "3011"]
[TimeControl "180+1"]
[EndTime "10:56:35 PST"]
[Termination "ChessWarrior7197 won by resignation"]

1. d4 d5 2. Nf3 Nf6 3. Bf4 c5 4. e3 Nc6 5. Nbd2 Qb6 6. dxc5 Qxb2 7. Rb1 Qc3 8. Bb5 g6 9. O-O Bg7 10. Nb3 O-O 11. Bxc6 bxc6 12. Be5 Qc4 13. Nfd4 Bd7 14. Qd3 Ne4 15. Bxg7 Kxg7 16. f3 Nc3 17. Rbc1 e5 18.
Kf2 exd4 19. Nxd4 Qxc5 20. Nb3 Qc4 21. Qxc4 dxc4 22. Nc5 Be6 23. a3 Rfd8 24. Ke1 0-1

[Event "*** Titled Tuesday Blitz"]
[Site "Chess.com"]
[Date "2020.11.10"]
[Round "5"]
[White "dennisodessa"]
[Black "yuki_chess123"]
[Result "0-1"]
[WhiteElo "2456"]
[BlackElo "2225"]
[TimeControl "180+1"]
[EndTime "10:56:35 PST"]
[Termination "yuki_chess123 won by resignation"]

1. d4 Nf6 2. c4 g6 3. Nc3 Bg7 4. e4 d6 5. f3 O-O 6. Be3 b6 7.
Bd3 a6 8. Nge2 c5 9. Qd2 Nc6 10. O-O Ng4 11. fxg4 cxd4 12. Bh6 dxc3 13. Nxc3 Ne5 14. Bxg7 Kxg7 15. h3 Bb7 16. b3 Rc8 17. Nd5 Bxd5 18. cxd5 b5 19. Be2 Qb6+ 20. Kh2 Rc7 21.
g5 Rfc8 22. Bg4 Rc2 23. Qf4 R8c3 24. Be6 Qe3 25. Qxf7+ Nxf7 26. Rxf7+ Kg8 27. Raf1 Qg3+ 0-1

[Event "*** Titled Tuesday Blitz"]
[Site "Chess.com"]
[Date "2020.11.10"]
[Round "5"]
[White "Oglob71"]
[Black "tylityli"]
[Result "1-0"]
[WhiteElo "2447"]
[BlackElo "2247"]
[TimeControl "180+1"]
[EndTime "10:56:35 PST"]
[Termination "Oglob71 won by resignation"]

1. d4 Nf6 2. Nf3 d5 3. c4 dxc4 4. e3 a6 5. Bxc4 b5 6. Be2 Bb7 7. a4 b4 8. O-O e6 9. Nbd2 Nbd7 10. Nb3 Bd6 11. Na5 Qc8 12. Nxb7 Qxb7 13. Nd2 O-O 14. Bf3 c6 15. Nc4 Bc7 16. b3 Nb6 17. Qc2 Nfd5 18. Na5 Qc8 19. Nxc6 Bd6 20. a5 Qc7 21. axb6 Qxb6 22. Bxd5 exd5 23. Ne5 Rac8 24. Qa2 Bxe5 25. dxe5 Rc6 26. Bb2 Rg6 27. Bd4 Qe6 28. f4 Qg4 29. Qf2 h5 30. Qf3 Qf5 31. Qxd5 h4 32. Qf3 h3 33. g3 Qc2 34. e4 Rc6 35. Rf2 1-0

[Event "*** Titled Tuesday Blitz"]
[Site "Chess.com"]
[Date "2020.11.10"]
[Round "5"]
[White "picturesquecheck"]
[Black "Mikhal867"]
[Result "0-1"]
[WhiteElo "2107"]
[BlackElo "2339"]
[TimeControl "180+1"]
[EndTime "10:56:36 PST"]
[Termination "Mikhal867 won by resignation"]

1. e4 g6 2. d4 Bg7 3. Nc3 d6 4. Nf3 a6 5. Bc4 e6 6. Bb3 Ne7 7. O-O Nd7 8. Re1 b6 9. Bg5 h6 10. Be3 g5 11. h3 Ng6 12. Qd2 Bb7 13. d5 Qe7 14. a4 Nde5 15. Nd4 Nf8 16. a5 b5 17.
Nce2 c5 18. Nf3 Nxf3+ 19. gxf3 c4 20. Ba2 Bxb2 21. Rad1 Be5 22. Ng3 Ng6 23. Bd4 Nh4 24. Re3 Qf6 25. Bxe5 dxe5 26. dxe6 O-O 27. Qd7 Rad8 0-1

[Event "*** Titled Tuesday Blitz"]
[Site "Chess.com"]
[Date "2020.11.10"]
[Round "5"]
[White "starworld123"]
[Black "VladimirBugayev"]
[Result "1-0"]
[WhiteElo "2678"]
[BlackElo "2263"]
[TimeControl "180+1"]
[EndTime "10:56:37 PST"]
[Termination "starworld123 won on time"]

1. Nf3 g6 2. g3 Bg7 3. Bg2 d5 4.
O-O c6 5. d3 Bg4 6. Nbd2 Nd7 7.
e3 e5 8. h3 Bxf3 9. Nxf3 Ne7 10.
e4 O-O 11. Re1 Qc7 12. Qe2 Rae8 13. b3 f5 14. Ba3 c5 15. Ng5 Qd6 16. exd5 Nxd5 17.
c4 N5f6 18. Bxb7 h6 19. Nf3 e4 20. dxe4 fxe4 21. Nh4 Nh5 22. Rad1 Qf6 23. Rxd7 g5 24.
Bd5+ 1-0

[Event "*** Titled Tuesday Blitz"]
[Site "Chess.com"]
[Date "2020.11.10"]
[Round "5"]
[White "Klavdia_Nik"]
[Black "Anaj14"]
[Result "0-1"]
[WhiteElo "2120"]
[BlackElo "2342"]
[TimeControl "180+1"]
[EndTime "10:56:43 PST"]
[Termination "Anaj14 won on time"]

1. Nf3 g6 2. c4 Bg7 3. Nc3 e5 4. d4 exd4 5. Nxd4 Ne7 6. e4 O-O 7. Be2 Re8 8. O-O c6 9. Be3 d5 10. exd5 cxd5 11. c5 Nbc6 12. a3 a5 13. Ncb5 Nxd4 14.
Bxd4 Bxd4 15. Nxd4 Nf5 16. Bb5 Re4 17. Nxf5 Bxf5 18.
Bd3 Rd4 0-1